 Dungeon Crawl Stone Soup version 0.30.0 (webtiles) character file.

Game seed: 13273624214980753587

220 Brutalitops the Armataur Disaster (level 5, -1/43 (47) HPs)
             Began as an Armataur Fighter on May 5, 2023.
             Was a Believer of Qazlal.
             Slain by a hell rat (8 damage)
             ... in a sewer.
             The game lasted 00:09:12 (2216 turns).

Brutalitops the Armataur Disaster (AtFi)            Turns: 2216, Time: 00:09:14

HP:   -1/43 (47)    AC:  8    Str: 24    XL:     5   Next: 64%
MP:   13/13         EV:  7    Int: 11    God:    Qazlal [**....]
Gold: 146           SH:  7    Dex: 12    Spells: 4/4 levels left

rFire   . . .        a - +0 flail
rCold   . . .        c - +0 buckler
rNeg    . . .        b - +0 scale mail
rPois   .            (no helmet)
rElec   .            (no cloak)
rCorr   .            p - +0 pair of gloves
SInv    .            (no barding)
Will    .....        e - amulet "Ynipno Foit" {Regen+ Int+3 Dex+3} Stlth
                     (no ring)
HPRegen 1.07/turn    (no ring)
MPRegen 0.13/turn

%: roll
@: drained
A: large, rugged brown scales 3, deformed body, armoured tail, roll, long
tongue, awkward tongue
a: Renounce Religion, Upheaval


You were in a sewer.
You worshipped Qazlal.
Qazlal was pleased with you.
You visited 1 branch of the dungeon, and saw 3 of its levels.
You also visited: Sewer.

You collected 200 gold pieces.
You spent 54 gold pieces at shops.

Inventory:

Hand Weapons
 a - a +0 flail (weapon)
Armour
 b - a +0 scale mail (worn)
 c - a +0 buckler (worn)
 p - a +0 pair of gloves (worn)
Jewellery
 e - the amulet "Ynipno Foit" (around neck) {Regen+ Int+3 Dex+3}
   (You acquired it on level 1 of the Dungeon)

   [amulet of regeneration]

   Int:       It affects your intelligence (+3).
   Dex:       It affects your dexterity (+3).
   Regen:     It increases your rate of health regeneration.
 h - a ring of flight
 i - an amulet of reflection
Scrolls
 f - 2 scrolls of teleportation
 n - a scroll of amnesia
 o - a scroll of enchant armour {unknown}
Potions
 d - a potion of might
 g - 2 potions of magic
 j - 2 potions of heal wounds
 k - a potion of mutation
 l - a potion of curing
 m - a potion of attraction {unknown}


   Skills:
 + Level 2.8 Fighting
 + Level 2.2 Maces & Flails
 + Level 4.3 Armour
 + Level 0.1 Dodging
 + Level 3.5 Shields
 * Level 11.6 Invocations


You had 4 spell levels left.
You didn't know any spells.
Your spell library contained the following spells:

 Spells                   Type           Power      Damage    Failure   Level
 Summon Small Mammal      Summ           0%         N/A       69%         1
 Lesser Beckoning         Tloc           0%         N/A       83%         2
 Call Canine Familiar     Summ           0%         N/A       96%         3
 Gell's Gravitas          Tloc           0%         N/A       96%         3
 Summon Guardian Golem    Hex/Summ       0%         N/A       96%         3
 Teleport Other           Tloc           0%         N/A       96%         3


Dungeon Overview and Level Annotations

Branches:
Dungeon (3/15)              Sewer (1/1)

Altars:
Qazlal

Shops:
D:1 *


Innate Abilities, Weirdness & Mutations

You are completely covered in rugged brown scales. (AC +3, +7% HP)
Armour fits poorly on your strangely shaped body.
You have a long armoured tail.
You roll when moving toward enemies. (Rampage)
Your long tongue fully drains potion bottles. (2x potion effects)
Your tongue gives you trouble enunciating. (1.5x scroll delay)


Message History

a river rat corpse; a river rat corpse You enter the shallow water.
You block the rat's attack.
You hit the rat. You tail-slap the rat.
You kill the rat!
Qazlal accepts your kill.
You enter the shallow water.
You enter the shallow water.
You enter the shallow water.
You enter the shallow water.
You enter the shallow water.
As you open the door, it creaks loudly!
A hell rat comes into view.
Found four items.
Found a gate leading back out of this place.
Found a potion of might, a flail and a scroll of teleportation.
There is an open door here.
You sock the hell rat!
Your tail-slap misses the hell rat.
The hell rat is severely wounded.
The hell rat barely misses you.
You hit the hell rat but do no damage.
The hell rat is severely wounded.
The hell rat bites you.
You barely miss the hell rat.
The hell rat is severely wounded.
The hell rat closely misses you. The hell rat bites you!
You closely miss the hell rat.
The hell rat is severely wounded.
You block the hell rat's attack. The hell rat bites you.
You barely miss the hell rat. You tail-slap the hell rat.
The hell rat is almost dead.
The hell rat bites you!
You feel drained.
You hit the hell rat but do no damage.
Your tail-slap misses the hell rat.
The hell rat is almost dead.
The hell rat bites you!
* * * LOW HITPOINT WARNING * * *
You feel drained.
* * * LOW HITPOINT WARNING * * *
The hell rat bites you!
You die...

#########
###.†~....###
###~.~~.~~...~###
#~..~.##@##.~.~~#
##~~.###.r~###.~~##
#~.~##~~~~~~.##~~~#
#.~~#~~.~~~.~~#~.~#
#.~.##.??!!)~##.~~#
##~.~###?∩?###~~.##
#~~~†.#####~..~.#
###~~~.~∩~~..~###
###.~~∩†~~###


You could see a hell rat.

Vanquished Creatures
  4 adders
  3 river rats (Sewer)
  4 worms
  A dart slug (D:2)
  5 endoplasms
  2 giant cockroaches
  3 goblins
  2 hobgoblins
  8 jackals
  6 ball pythons
  3 bats
  A frilled lizard (D:2)
  2 kobolds (D:1)
  7 rats
51 creatures vanquished.

Notes
Turn   | Place    | Note
-------+----------+-------------------------------------------
     0 | D:1      | Brutalitops the Armataur Fighter began the quest for the
                  | Orb.
     0 | D:1      | Reached XP level 1. HP: 19/19 MP: 1/1
    80 | D:1      | Found a faded altar of an unknown god.
    92 | D:1      | Prayed at the altar of an unknown god.
    92 | D:1      | Became a worshipper of Qazlal Stormbringer
    92 | D:1      | Reached * piety under Qazlal
   521 | D:1      | Reached XP level 2. HP: 26/26 MP: 2/2
   674 | D:1      | Found Koon's Assorted Antiques.
   678 | D:1      | Bought a scroll labelled MUALYE COMIMAA for 27 gold pieces
   678 | D:1      | Bought a scroll labelled VEXUJE JIXEME for 27 gold pieces
   797 | D:1      | Reached skill level 1 in Invocations
   891 | D:1      | Identified a scroll of acquirement
   891 | D:1      | Acquired the amulet "Ynipno Foit" {Regen+ Int+3 Dex+3}
  1003 | D:2      | Reached skill level 11 in Invocations
  1003 | D:2      | Reached XP level 3. HP: 32/32 MP: 2/10
  1003 | D:2      | Reached XP level 4. HP: 39/39 MP: 2/11
  1239 | D:2      | Reached XP level 5. HP: 47/47 MP: 13/13
  1476 | D:2      | Reached ** piety under Qazlal
  2086 | D:3      | Found a glowing drain.
  2132 | Sewer    | Entered a sewer
  2216 | Sewer    | Slain by a hell rat

Illustrated notes

Levels and vault maps discovered:
D:1:      nzn_arrival_crosshair, layout_basic, serial_rivers,
          chequers_serial_rivers_large_b, chequers_serial_rivers_micro_e,
          chequers_serial_rivers_micro_a, chequers_serial_rivers_small_a,
          serial_shops, nicolae_shop_pleasant_corner_grove,
          nicolae_ecumenical_snake_handling,
          nicolae_concentric_dashed_squares_wild, minivault_26
D:2:      layout_basic
D:3:      layout_basic, cheibrodos_sewer_entry_bend
Sewer:    sewer_hellmonk_bad_rat

Skill      XL: |  1  2 |
---------------+-------+-----
Maces & Flails | 2 |  2.2
Armour         | 4 |  4.3
Invocations    | 11 | 11.6
Fighting       | |  2.8
Dodging        | |  0.1
Shields        | |  3.5

Action                     |  1- 3 |  4- 6 || total
---------------------------+-------+-------++-------
  Melee: Flail             |    67 |    93 ||   160
         Tailslap          |     1 |    16 ||    17
    Use: Scroll            |     6 |     5 ||    11
         Potion            |     1 |       ||     1
 Armour: Scale mail        |    35 |    34 ||    69
  Dodge: Dodged            |    20 |    21 ||    41
  Block: Buckler           |    22 |    29 ||    51
